 Dungeon Crawl Stone Soup version 0.30-a0-743-gbfdf073431 (webtiles) character file.

Game seed: 14339763736507924152

123 Alatreon the Cudgeller (level 5, -5/32 HPs)
             Began as a Gargoyle Reaver on Feb 8, 2023.
             Killed by divine providence
             ... invoked by an orc priest
              (10 damage)
             ... on level 3 of the Dungeon.
             The game lasted 00:03:37 (1760 turns).

Alatreon the Cudgeller (Gargoyle Reaver)            Turns: 1760, Time: 00:03:39

Health: -5/32      AC: 13    Str: 15    XL:     5   Next: 7%
Magic:  8/8        EV: 10    Int: 16    God:
Gold:   149        SH:  0    Dex:  8    Spells: 7/8 levels left

rFire   . . .      SeeInvis .    e - +2 whip (holy)
rCold   + . .      Faith    .    (no shield)
rNeg    + . .      Spirit   .    f - +3 ring mail
rPois   ∞          Reflect  .    (no helmet)
rElec   +          Harm     .    c - +0 cloak
rCorr   .          Rampage  .    (no gloves)
Will    +....                    (no boots) Stlth
                                 (no amulet)
HPRegen 0.25/turn                g - ring of protection from cold
MPRegen 0.11/turn                m - ring of willpower

@: no status effects
A: sickness immunity, AC +4, negative energy resistance 1, electricity
resistance, torment resistance 1, petrification resistance
a: no special abilities


You were on level 3 of the Dungeon.
You visited 1 branch of the dungeon, and saw 4 of its levels.

You collected 149 gold pieces.

Inventory:

Hand Weapons
 a - a +0 mace
 e - a +2 whip of holy wrath (weapon)
Armour
 c - a +0 cloak (worn)
 f - a +3 ring mail (worn)
Jewellery
 g - a ring of protection from cold (left hand)
 m - a ring of willpower (right hand)
Potions
 b - 4 potions of mutation
 d - a potion of haste {unknown}
 h - a potion of might
 i - 2 potions of curing {unknown}
 j - a potion of flight {unknown}
 k - 2 potions of heal wounds {unknown}
 l - a potion of magic {unknown}


   Skills:
 + Level 3.1 Fighting
 * Level 4.2 Maces & Flails
 + Level 1.9 Armour
 - Level 1.6 Dodging
 - Level 2.0 Spellcasting
 + Level 4.0 Conjurations


You had 7 spell levels left.
You knew the following spells:

 Your Spells              Type           Power      Damage    Failure   Level
a - Kiss of Death         Conj/Necr      32%        2d7       17%         1

Your spell library contained the following spells:

 Spells                   Type           Power      Damage    Failure   Level
 Momentum Strike          Conj/Tloc      16%        3d8       26%         2
 Static Discharge         Conj/Air       16%        2-3/arc   26%         2
 Hailstorm                Conj/Ice       8%         3d4       45%         3
 Vhi's Electric Charge    Tloc/Air       2%         N/A       75%         3
 Arcjolt                  Conj/Air       4%         1d14      99%         5
 Lightning Bolt           Conj/Air       4%         1d15      99%         5


Dungeon Overview and Level Annotations

Branches:
Dungeon (4/15)
 Temple: D:4-7

Altars:

Shops:
D:2 ?

Annotations:
D:2 1 runed translucent door, Crazy Yiuf
D:3 Robin
D:4 1 runed translucent door, SpyderV's ghost, amateur MiFi


Innate Abilities, Weirdness & Mutations

You are immune to sickness and miasma.
Your stone body is resilient. (AC +4)
You are immune to poison.
You resist negative energy. (rN+)
You are resistant to electric shocks. (rElec)
You are resistant to unholy torment.
You are immune to petrification.


Message History

The orc is heavily wounded.
The orc closely misses you.
You closely miss the orc.
The orc is heavily wounded.
The orc hits you with a +0 falchion.
You whack the orc!
You kill the orc!
You barely miss the hobgoblin. The hobgoblin closely misses you.
You closely miss the hobgoblin.
The orc priest calls down the wrath of Beogh upon you.
Beogh smites you! The hobgoblin hits you.
You are too injured to fight recklessly!
You are too injured to fight recklessly!
You are too injured to fight recklessly!
You are too injured to fight recklessly!
You are too injured to fight recklessly!
You are too injured to fight recklessly!
You are too injured to fight recklessly!
You are too injured to fight recklessly!
You are too injured to fight recklessly!
You are too injured to fight recklessly!
You are too injured to fight recklessly!
You are too injured to fight recklessly!
You are too injured to fight recklessly!
You are too injured to fight recklessly!
You are too injured to fight recklessly!
You are too injured to fight recklessly!
You are too injured to fight recklessly!
You are too injured to fight recklessly!
You are too injured to fight recklessly!
You are too injured to fight recklessly!
You are too injured to fight recklessly!
The hobgoblin attacks as you move away! The hobgoblin barely misses you.
The hobgoblin attacks as you move away! The hobgoblin barely misses you.
The orc priest mumbles some strange prayers to Beogh against you.
Beogh smites you!
* * * LOW HITPOINT WARNING * * *
The orc priest calls down the wrath of Beogh upon you.
Beogh smites you!
You die...

### #### #####.# ..#
#.....#
########.########.#.#
#.......).......#.#.#
##..<......#####@#.#.#
..........)........#.#
###...#..)o#.###g..#.#
#...#...g#g###...#.#
........gggg.)gg...>#
#####....gg#g###...###
........#.###...#
.#####...#o......#
#...g.o.g.####..#


You could see an orc priest, a hobgoblin and 2 goblins.

Vanquished Creatures
  Terence (D:2)
  3 adders (D:2)
  A dart slug (D:3)
  4 orcs (D:3)
  5 endoplasms
  8 goblins
  5 hobgoblins
  9 jackals (D:2)
  4 kobolds
  A quokka (D:1)
  8 ball pythons
  4 bats (D:1)
  3 frilled lizards
  3 rats (D:1)
59 creatures vanquished.

Vanquished Creatures (others)
  17 plants (D:3)
17 creatures vanquished.

Grand Total: 76 creatures vanquished

Notes
Turn   | Place    | Note
-------+----------+-------------------------------------------
     0 | D:1      | Alatreon the Gargoyle Reaver began the quest for the Orb.
     0 | D:1      | Reached XP level 1. HP: 12/12 MP: 3/3
   103 | D:1      | Reached XP level 2. HP: 15/17 MP: 5/5
   432 | D:1      | Reached XP level 3. HP: 19/22 MP: 6/6
   585 | D:2      | Noticed Terence
   601 | D:2      | Killed Terence
   602 | D:2      | Reached skill level 1 in Armour
   662 | D:2      | Reached XP level 4. HP: 27/27 MP: 7/7
   689 | D:2      | Found Zohyt's Magic Scroll Shoppe.
   725 | D:2      | You fall into a shaft and drop 2 floors!
   725 | D:4      | Found a runed translucent door.
   726 | D:4      | Noticed SpyderV's ghost (amateur MiFi)
  1010 | D:2      | Found a runed translucent door.
  1011 | D:2      | Noticed Crazy Yiuf
  1390 | D:2      | Reached XP level 5. HP: 32/32 MP: 8/8
  1725 | D:3      | Noticed Robin
  1760 | D:3      | Killed from afar by an orc priest

Illustrated notes

Levels and vault maps discovered:
D:1:      dpeg_arrival_refuge, layout_rooms, hex_large,
          minmay_misc_feat_encased, bh_walls_and_bars
D:2:      layout_basic, serial_shops, nicolae_shop_trees, uniq_terence,
          uniq_crazy_yiuf_cottage
D:3:      kennysheep_big_flooded_room, layout_basic,
          hellmonk_ecumenical_altar_pennies_from_heaven, nicolae_grassy_gnolls,
          uniq_robin, uniq_grinder, uniq_natasha
D:4:      layout_loops_corners, grunt_temple_overflow_order_and_chaos_2,
          nicolae_overflow_crystal_walls, grunt_temple_overflow_cloverleaf,
          temple_statues, ebering_ghost_reflecting_pool

Skill      XL: |  1  2  3  4 |
---------------+-------------+-----
Armour         | 1 |  1.9
Maces & Flails | 4 |  4.2
Fighting       | 3 |  3.1
Conjurations   | 4 |  4.0
Dodging        | |  1.6
Spellcasting   | |  2.0

Action                     |  1- 3 |  4- 6 || total
---------------------------+-------+-------++-------
  Melee: Mace              |    29 |       ||    29
         Whip              |    58 |   129 ||   187
         Punch             |     1 |       ||     1
    Use: Scroll            |       |     2 ||     2
 Armour: Leather armour    |    17 |       ||    17
         Ring mail         |    23 |    90 ||   113
  Dodge: Dodged            |    50 |    94 ||   144

Table legend: (Time is in decaauts)
 A = Elapsed time spent in this place.
 B = Non-inter-level travel time spent in this place.
 C = Inter-level travel time spent in this place.
 D = Time resting spent in this place.
 E = Time spent auto-exploring this place.
 F = Levels seen in this place.
 G = Mean time per level.
                   A        B        C        D        E       F      G
               +--------+--------+--------+--------+--------+-----+--------+
         Total |   1749 |   1694 |     55 |     40 |   1233 |   4 |  437.2 |
       Dungeon |   1749 |   1694 |     55 |     40 |   1233 |   4 |  437.2 |
               +--------+--------+--------+--------+--------+-----+--------+

Top non-repeatable levels by time:
     D:2: 1037 daAuts
     D:1: 588 daAuts
     D:3: 114 daAuts
     D:4: 8 daAuts
